 Dungeon Crawl Stone Soup version 0.27.1-3-gb3d3a73c9e (webtiles) character file.

Game seed: 5128515819260107581

63470 earthworldpsion the Cleaver (level 14, -10/114 (130) HPs)
             Began as a Minotaur Berserker on Oct 21, 2021.
             Was a High Priest of Trog.
             Killed from afar by an orc sorcerer (24 damage)
             ... with a bolt of negative energy
             ... on level 2 of the Orcish Mines.
             The game lasted 00:54:32 (14116 turns).

earthworldpsion the Cleaver (Minotaur Berserker)   Turns: 14116, Time: 00:54:32

HP:   -10/114 (130) AC: 20    Str: 27    XL:     14   Next: 68%
MP:   4/4           EV: 17    Int: 10    God:    Trog [*****.]
Gold: 1088          SH:  7    Dex: 16    Spells: 13/13 levels left

rFire    . . .     SeeInvis +   f - +8 morningstar of the Crushing Hero {vorpal, MP-9 Int+6 SInv}
rCold    . . .     Faith    .   Y - +0 buckler
rNeg     . . .     Spirit   .   x - +2 scale mail {Will+}
rPois    .         Reflect  .   (helmet restricted)
rElec    .         Harm     .   (no cloak)
rCorr    .         Rampage  .   N - +2 pair of gloves
Will     ++++.                  s - +0 pair of boots
Stlth    ..........             p - amulet of regeneration
HPRegen  2.29/turn              O - +4 ring of protection
MPRegen  0.09/turn              C - +6 ring of dexterity

@: about to teleport, strong-willed, on berserk cooldown, regenerating, heavily
drained
A: horns 2, retaliatory headbutt
a: Renounce Religion, Berserk, Trog's Hand, Brothers in Arms


You were on level 2 of the Orcish Mines.
You worshipped Trog.
Trog was extremely pleased with you.
You visited 2 branches of the dungeon, and saw 17 of its levels.

You collected 1647 gold pieces.
You spent 559 gold pieces at shops.

Inventory:

Hand Weapons
 c - a +2 antimagic battleaxe
 f - the +8 morningstar of the Crushing Hero (weapon) {vorpal, MP-9 Int+6 SInv}
   (You bought it in a shop on level 2 of the Orcish Mines)

   It inflicts extra damage upon your enemies.
   Int:       It affects your intelligence (+6).
   MP:        It affects your magic capacity (-9).
   SInv:      It lets you see invisible.
 w - a +3 dire flail of protection
 L - a +3 mace of electrocution
 R - a +2 vorpal war axe
Missiles
 V - 2 silver javelins
Armour
 e - a +3 ring mail
 s - a +0 pair of boots (worn)
 x - a +2 scale mail of willpower (worn)
 I - a +0 tower shield
 N - a +2 pair of gloves (worn)
 Y - a +0 buckler (worn)
Jewellery
 g - a +4 ring of evasion
 j - a ring of fire
 p - an amulet of regeneration (around neck)
 v - a ring of resist corrosion
 C - a +6 ring of dexterity (right hand)
 G - a ring of willpower
 O - a +4 ring of protection (left hand)
 S - a +4 ring of protection
 T - a ring of ice
Wands
 a - a wand of paralysis (14)
 o - a wand of digging (7)
 y - a wand of flame (11)
 M - a wand of charming (5) (quivered)
 W - a wand of acid (10)
Scrolls
 l - a scroll of torment {unknown}
 t - 7 scrolls of teleportation
 z - 2 scrolls of magic mapping
 B - a scroll of fear {unknown}
 D - 3 scrolls of amnesia
 E - 2 scrolls of enchant weapon
 J - a scroll of holy word {unknown}
 K - a scroll of silence {unknown}
 Q - a scroll of brand weapon
Potions
 b - a potion of might {unknown}
 d - 3 potions of curing {unknown}
 h - 2 potions of ambrosia {unknown}
 k - 3 potions of flight {unknown}
 m - 2 potions of attraction {unknown}
 q - 4 potions of brilliance {unknown}
 r - 3 potions of degeneration {unknown}
 u - a potion of mutation {unknown}
 A - 3 potions of lignification {unknown}
 P - a potion of resistance {unknown}
 U - a potion of invisibility {unknown}
Miscellaneous
 F - a phantom mirror
 X - a piece from Xom's chessboard (15/15)


   Skills:
 + Level 13.7 Fighting
 + Level 13.8(15.3) Axes
 + Level 11.9(14.4) Maces & Flails
 + Level 13.5 Armour
 + Level 12.5 Dodging
 + Level 10.2 Shields


You had 13 spell levels left.
You didn't know any spells.
Your spell library was empty.

Dungeon Overview and Level Annotations

Branches:
Dungeon (15/15)            Temple (0/1) D:4            Lair (0/6) D:8
    Orc (2/2) D:11            Elf (0/3) Orc:2        Vaults (0/5) D:13
 Depths (0/5) D:15

Altars:
Dithmenos
Fedhas
Gozag
Hepliaklqana
Kikubaaqudgha
Makhleb
Nemelex Xobeh
Qazlal
Ru
Sif Muna
Trog
Wu Jian
Xom
Zin
The Shining One

Shops:
Orc:2 (

Annotations:
D:8 lair
D:12 ice cave
D:13 Sonja


Innate Abilities, Weirdness & Mutations

You have a pair of horns on your head.
You reflexively headbutt those who attack you in melee.


Message History

* * * LOW HITPOINT WARNING * * *
You hear a shout!
Blink to where?
Press: ? - help, Dir - move target
As you read the scroll of blinking, it crumbles to dust.
You feel much better.
The orc sorcerer no longer looks unusually strong.
The orc knight roars a battlecry!
The orc sorcerer goes into a battle-frenzy!
The orc sorcerer gestures at you while chanting.
The bolt of fire hits you!!
Your ogre goes berserk!
Your skin crawls.
You feel strong-willed.
Your ogre closely misses the orc sorcerer.
The orc sorcerer casts a spell.
The orc sorcerer casts a spell at you. The bolt of negative energy hits you!
You feel drained. The sixfirhy hits your ogre. The sixfirhy shocks your ogre!
The sixfirhy hits your ogre. The sixfirhy shocks your ogre!
The sixfirhy barely misses your ogre.
Your ogre hits the sixfirhy with a +0 giant club!!
The orc knight hits your ogre with a +0 battleaxe!
The sixfirhy hits your ogre!
Your ogre dies!
Your ogre's corpse disappears in a puff of smoke!
The orc sorcerer gestures at you while chanting.
The bolt of fire hits you!!
* * * LOW HITPOINT WARNING * * *
You hit the orc knight but do no damage.
Your headbutt misses the orc knight.
The orc knight is moderately wounded.
The orc sorcerer hits you but does no damage.
The orc knight hits you with a +0 battleaxe!
* * * LOW HITPOINT WARNING * * *
As you read the scroll of teleportation, it crumbles to dust.
You feel strangely unstable.
You feel yourself speed up.
The orc sorcerer points at you and mumbles some strange words.
The bolt of negative energy hits you!!
You feel drained.
You die...

#...........#.........#.###....
##..........#..................
####......................).....<
.##..)............#.##....[....#.
......#.####......###..........##
#...######.........#####......###
#......##...........####......###
........#........3####.))).....#.
#.#..........##.@o..#.)..#.......
##............##.o..#..)####.....
#####.......##.........#.##.....
#.......#.###........)..####..
###......## ##.....))..###.#..
##......# #.......#.####...
##.##.## ##..#......# ###. #.####
#####..).## ## ### ##)### ##.


You could see an orc knight, a sixfirhy (summoned) and an orc sorcerer (strong).

Vanquished Creatures
  Azrael (D:14)
  The ghost of Ekaitz the Martial Artist, a journeyman MfTm of Okawaru (D:13)
  2 boulder beetles
  3 hydras
  2 ogre magi
  11 two-headed ogres
  2 death knights (D:11)
  2 centaur warriors
  2 orc high priests (Orc:2)
  4 tengu warriors (D:13)
  A fire crab (D:15)
  A skeletal warrior (D:12)
  A deep elf archer (D:13)
  2 orc knights
  A deep elf pyromancer (D:13)
  4 wizards (D:15)
  A necromancer (D:15)
  A wolf spider zombie (D:15)
  4 harpies (D:13)
  4 cyclopes
  2 orc sorcerers
  11 ugly things
  3 manticores
  A manticore (shapeshifter) (D:13)
  A salamander (shapeshifter) (D:14)
  2 gargoyles
  3 unseen horrors
  2 efreet (D:14)
  A redback zombie (D:15)
  3 kobold demonologists
  6 yaktaurs (D:15)
  3 freezing wraiths
  6 trolls
  A polar bear (D:12)
  3 meliai (D:15)
  A wolf spider simulacrum (D:12)
  A hornet (D:9)
  15 slime creatures
  3 centaur simulacra (D:12)
  A meliai zombie (D:15)
  2 shadows
  Sigmund (D:2)
  A spriggan (D:9)
  A water elemental (D:12)
  8 wraiths
  A wyvern (D:8)
  4 fire bats (D:8)
  3 fire elementals (D:14)
  15 yaks
  A steam dragon (D:8)
  9 vampire mosquitoes
  A warg (Orc:2)
  Edmund (D:5)
  2 hell hounds
  Duvessa (D:5)
  13 orc warriors
  3 sky beasts
  2 black bears
  2 ice beasts (D:12)
  5 ogres
  A necrophage (D:8)
  10 centaurs
  4 wolves
  5 boggarts (D:15)
  A phantom (D:5)
  8 kobold brigands
  2 bullfrogs
  2 gnoll sergeants
  5 scorpions
  Dowan (D:5)
  2 water moccasin zombies (D:5)
  2 water moccasin skeletons (D:5)
  9 killer bees
  3 wights (D:9)
  8 electric eels
  3 howler monkeys
  2 lava snakes (D:8)
  9 centaur zombies
  2 bullfrog zombies (D:5)
  4 hounds
  13 orc priests
  A gnoll shaman (D:4)
  Crazy Yiuf (D:2)
  2 centaur skeletons
  4 bullfrog skeletons
  Natasha (twice) (D:2)
  5 iguanas
  17 orc wizards
  A scorpion zombie (D:5)
  3 hound zombies (D:5)
  A hound skeleton (D:5)
  2 howler monkey zombies
  Robin (D:2)
  17 gnolls
  8 adders
  A shadow imp (D:6)
  3 white imps
  An ufetubus (D:12)
  An adder skeleton (D:5)
  A worm (D:3)
  3 dart slugs (D:1)
  58 orcs
  3 endoplasms
  4 giant cockroaches
  22 goblins
  3 hobgoblins
  12 kobolds
  4 quokkas
  7 ball pythons
  2 bats (D:3)
  2 frilled lizards (D:1)
  4 rats
  A fire vortex (D:8)
488 creatures vanquished.

Vanquished Creatures (others)
  A hound (D:8)
  A fire vortex (D:8)
  3 withered plants (D:5)
5 creatures vanquished.

Grand Total: 493 creatures vanquished

Notes
Turn   | Place    | Note
-------+----------+-------------------------------------------
     0 | D:1      | earthworldpsion the Minotaur Berserker began the quest for
                  | the Orb.
     0 | D:1      | Reached XP level 1. HP: 19/19 MP: 0/0
    63 | D:1      | You fall into a shaft and drop 1 floor!
   325 | D:1      | Reached XP level 2. HP: 23/27 MP: 1/1
   481 | D:1      | Found a faded altar of an unknown god.
   737 | D:1      | Reached XP level 3. HP: 33/33 MP: 2/2
   750 | D:1      | Reached ** piety under Trog
  1403 | D:2      | Noticed Robin
  1406 | D:2      | Reached XP level 4. HP: 39/40 MP: 3/3
  1410 | D:2      | Killed Robin
  1543 | D:2      | Found a runed translucent door.
  1543 | D:2      | Noticed Natasha
  1544 | D:2      | Killed Natasha
  1545 | D:2      | Noticed Crazy Yiuf
  1860 | D:2      | Noticed Sigmund
  1868 | D:2      | Killed Sigmund
  1869 | D:2      | Reached skill level 5 in Fighting
  1869 | D:2      | Reached skill level 5 in Axes
  1869 | D:2      | Reached XP level 5. HP: 48/48 MP: 4/4
  1869 | D:2      | Reached XP level 6. HP: 56/56 MP: 5/5
  2077 | D:2      | Noticed Natasha
  2087 | D:2      | Killed Natasha
  2224 | D:2      | Killed Crazy Yiuf
  2684 | D:3      | Reached XP level 7. HP: 62/62 MP: 6/6
  2864 | D:4      | Reached skill level 5 in Armour
  2963 | D:4      | Reached *** piety under Trog
  3121 | D:4      | Found a blossoming altar of Fedhas.
  3308 | D:4      | Found a shadowy altar of Dithmenos.
  3669 | D:4      | Found a staircase to the Ecumenical Temple.
  3736 | D:5      | Entered Level 5 of the Dungeon
  3740 | D:5      | Reached skill level 5 in Dodging
  3842 | D:5      | Reached XP level 8. HP: 66/71 MP: 7/7
  3900 | D:5      | Reached **** piety under Trog
  3960 | D:5      | Noticed Dowan
  3961 | D:5      | Noticed Duvessa
  3969 | D:5      | Killed Duvessa
  3979 | D:5      | Killed Dowan
  3989 | D:5      | Found a sacrificial altar of Ru.
  4265 | D:5      | Noticed Edmund
  4278 | D:5      | Killed Edmund
  4829 | D:6      | Reached skill level 1 in Maces & Flails
  4900 | D:6      | Reached XP level 9. HP: 81/81 MP: 8/8
  4952 | D:6      | Found a hazy altar of Hepliaklqana.
  5373 | D:6      | Found an opulent altar of Gozag.
  5750 | D:7      | Found a bloodstained altar of Trog.
  6208 | D:8      | Found a staircase to the Lair.
  6241 | D:8      | Reached XP level 10. HP: 71/91 MP: 9/9
  6349 | D:8      | Reached skill level 5 in Maces & Flails
  6373 | D:8      | Found a stormy altar of Qazlal.
  6763 | D:8      | Reached ***** piety under Trog
  6896 | D:9      | Reached skill level 10 in Fighting
  7151 | D:9      | Found a glowing golden altar of the Shining One.
  7281 | D:9      | Reached skill level 10 in Axes
  7370 | D:9      | Reached skill level 1 in Shields
  7377 | D:9      | Noticed a two-headed ogre
  7379 | D:9      | Noticed a two-headed ogre
  7390 | D:9      | Killed a two-headed ogre
  7391 | D:9      | Reached XP level 11. HP: 100/100 MP: 10/10
  7394 | D:9      | Killed a two-headed ogre
  7398 | D:9      | Found the +7 pair of quick blades "Gyre" and "Gimble"
                  | {protect}
  7657 | D:10     | Entered Level 10 of the Dungeon
  7695 | D:10     | Reached skill level 10 in Armour
  7863 | D:10     | Found an ancient bone altar of Kikubaaqudgha.
  7929 | D:10     | Found a flagged portal.
  8027 | D:10     | Found a sparkling altar of Nemelex Xobeh.
  8188 | D:10     | Found a burning altar of Makhleb.
  8191 | D:10     | Noticed an Executioner
  8192 | D:10     | Found a glowing silver altar of Zin.
  8193 | D:10     | Noticed an angel
  8306 | D:10     | Found an ornate altar of the Wu Jian Council.
  8505 | D:11     | Noticed a death knight
  8508 | D:11     | Noticed a skeletal warrior
  8585 | D:11     | Received a gift from Trog
  8605 | D:11     | Killed a death knight
  8653 | D:12     | Killed a skeletal warrior
  8848 | D:11     | Reached skill level 10 in Dodging
  8851 | D:11     | Reached skill level 5 in Shields
  8851 | D:11     | Reached XP level 12. HP: 110/110 MP: 11/11
  9003 | D:11     | Found a staircase to the Orcish Mines.
  9353 | D:11     | Noticed a death knight
  9370 | D:11     | Killed a death knight
  9515 | D:12     | Noticed a five-headed hydra
  9533 | D:12     | Killed a five-headed hydra
  9932 | D:12     | Noticed a boulder beetle
  9963 | D:12     | Killed a boulder beetle
 10332 | D:13     | Found a shimmering blue altar of Sif Muna.
 10410 | D:13     | Noticed a five-headed hydra
 10418 | D:13     | Killed a five-headed hydra
 10419 | D:13     | Reached XP level 13. HP: 89/118 MP: 12/12
 10468 | D:13     | Found a runed translucent door.
 10469 | D:13     | Noticed Ekaitz's ghost (journeyman MfTm)
 10491 | D:13     | Killed Ekaitz's ghost
 10581 | D:13     | Reached skill level 10 in Maces & Flails
 10646 | D:13     | Found a shimmering altar of Xom.
 10892 | D:13     | Noticed Sonja
 10966 | D:13     | Found a gate to the Vaults.
 11893 | D:14     | Reached XP level 14. HP: 82/129 MP: 13/13
 11963 | D:14     | Noticed Azrael
 11975 | D:14     | Killed Azrael
 12370 | D:15     | Entered Level 15 of the Dungeon
 12849 | D:15     | Found a staircase to the Depths.
 13433 | Orc:1    | Entered Level 1 of the Orcish Mines
 13444 | Orc:1    | Reached skill level 10 in Shields
 13580 | Orc:2    | Entered Level 2 of the Orcish Mines
 13659 | Orc:2    | Found Wuaghol's Weapon Boutique.
 13670 | Orc:2    | Bought the +8 morningstar of the Crushing Hero {vorpal,
                  | MP-9 Int+6 SInv} for 559 gold pieces
 13899 | Orc:2    | Found a staircase to the Elven Halls.
 14116 | Orc:2    | Killed from afar by an orc sorcerer

Illustrated notes

Levels and vault maps discovered:
D:1:      nzn_arrival_settlement, layout_rooms, ebering_ecumenical_altar_rust,
          minmay_tree_intersection, minmay_box_of_dots
D:2:      layout_basic, uniq_crazy_yiuf_cottage, uniq_robin, uniq_natasha,
          uniq_sigmund
D:3:      layout_basic
D:4:      layout_cave_pools, mainiacjoe_overflow_catwalk, kennysheep_little_box,
          temple_statues, hangedman_decor_lopped
D:5:      layout_basic, nicolae_ru_awakened_eye, serial_undead, serial_undead_b,
          serial_undead_c, serial_undead_c, serial_undead_e, serial_undead_a,
          serial_undead_e, serial_undead_c, serial_undead_f, minivault_11,
          uniq_duvessa, uniq_edmund
D:6:      layout_basic, nicolae_gozag_cash_rules_everything_around_me,
          worldfamousw_hep_ancestral_shrine, minivault_26
D:7:      layout_basic, lightli_temple_of_fire
D:8:      layout_cave_pools, nicolae_qazlal_style_of_elements, erik_lair_island,
          special_room [special_room_kobold], hangedman_incinerator
D:9:      layout_loops_ring, mainiacjoe_overflow_brackets,
          hellmonk_guarded_unrand_gyre_and_gimble
D:10:     layout_loops_ring, grunt_temple_overflow_order_and_chaos_2,
          nzn_wu_jian_contemplation, lemuel_round_altar, lemuel_round_altar,
          enter_bailey_5, lemuel_old_faithful
D:11:     layout_basic, hiddenorc1_lemuel
D:12:     layout_rooms, serial_ice, serial_ice_g, serial_ice_n, serial_ice_m,
          serial_ice_d, serial_ice_j, serial_ice_a, serial_ice_b,
          portal_ice_cave_entry_pillars_1, solitary_fountain
D:13:     layout_basic, david_vaults_2, gammafunk_ghost_grave,
          hangedman_feature_mirror, hangedman_aviary, uniq_sonja
D:14:     layout_roguey, hangedman_abyss_or_decor_stagger, uniq_azrael
D:15:     grunt_enter_depths_magical_seal, layout_small_grid,
          hellmonk_bongcloud_opening
Orc:1:    layout_caves, serial_shops, nicolae_shop_stone,
          nicolae_shop_behind_doors, mines2_david
Orc:2:    grunt_orc_tribal_feast, layout_diamond_mine, serial_shops,
          nicolae_shop_trees

Skill      XL: |  1  2  3  4  5  6  7  8  9 10 11 12 13 14 |
---------------+-------------------------------------------+-----
Fighting       | 4 5 6 8 9 10 11 12 13 | 13.7
Axes           | 4 5 6 7 9 10 11 12 13 | 13.8
Armour         | 3 4 6 7 8 9 10 11 12 13 | 13.5
Dodging        | 3 4 5 6 7 9 10 11 12 | 12.5
Maces & Flails | 1 4 6 8 9 11 | 11.9
Shields        | 1 5 7 9 10 | 10.2

Action                   |  1- 3 |  4- 6 |  7- 9 | 10-12 | 13-15 || total
-------------------------+-------+-------+-------+-------+-------++-------
Melee: War axe           |    55 |    52 |   134 |       |       ||   241
       Hand axe          |     6 |       |       |       |       ||     6
       Headbutt          |     5 |     9 |    57 |   158 |   152 ||   381
       Dire flail        |       |       |   136 |   519 |   459 ||  1114
       Morningstar       |       |       |       |       |    76 ||    76
Throw: Throwing net      |       |       |     2 |       |       ||     2
Invok: Berserk           |     2 |     3 |     5 |    12 |    17 ||    39
       Trog's Hand       |     1 |     3 |     5 |    16 |    22 ||    47
       Brothers in Arms  |       |       |       |       |     1 ||     1
Evoke: Wand              |       |       |       |    17 |     2 ||    19
       Phantom mirror    |       |       |       |     1 |     1 ||     2
  Use: Scroll            |       |       |     4 |     7 |     4 ||    15
       Potion            |       |       |       |     2 |     1 ||     3
 Stab: Sleeping          |       |     1 |       |       |       ||     1
Armor: Animal skin       |    16 |     9 |       |       |       ||    25
       Ring mail         |       |     7 |    53 |       |       ||    60
       Scale mail        |       |       |    69 |   246 |   343 ||   658
Dodge: Dodged            |    45 |    30 |   216 |   483 |   436 ||  1210
Block: Buckler           |       |       |       |       |    14 ||    14
